 Dungeon Crawl Stone Soup version 0.20-a0-434-g93bceec (webtiles) character file.

29871 shinino the Severer (level 13, 0/122 HPs)
             Began as a Minotaur Berserker on Jan 4, 2017.
             Was a High Priest of Trog.
             Slain by Rupert
             ... wielding a +3 great mace of draining
              (2 damage)
             ... on level 3 of the Lair of Beasts.
             The game lasted 00:33:57 (13880 turns).

shinino the Severer (Minotaur Berserker)           Turns: 13880, Time: 00:33:58

Health: 0/122      AC: 14    Str: 27    XL:     13   Next: 17%
Magic:  12/12      EV: 16    Int:  6    God:    Trog [*****.]
Gold:   755        SH:  4    Dex: 18    Spells: 12/12 levels left

rFire  . . .     SeeInvis .     a - +0 battleaxe
rCold  + . .     Gourm    .     C - +0 plate armour
rNeg   . . .     Faith    .     (shield currently unavailable)
rPois  .         Spirit   .     (helmet restricted)
rElec  .         Reflect  +     L - +0 cloak
rCorr  .         Harm     .     (no gloves)
MR     .....                    B - +0 pair of boots
Stlth  ..........               n - +4 amulet of reflection
                                q - +6 ring of strength
                                K - +6 ring of evasion

@: very heavily drained
A: retaliatory headbutt, horns 2, agile 1, clever 1, cold resistance 1, slow
regeneration 1, MP-powered wands
a: Berserk, Trog's Hand, Brothers in Arms, Burn Spellbooks, Renounce Religion


You were on level 3 of the Lair of Beasts.
You worshipped Trog.
Trog was extremely pleased with you.
You were not hungry.

You visited 2 branches of the dungeon, and saw 14 of its levels.

You collected 755 gold pieces.

Inventory:

Hand Weapons
 a - a +0 battleaxe (weapon)
 b - a +0 trident of venom
Armour
 B - a +0 pair of boots (worn)
 C - a +0 plate armour (worn)
 L - a +0 cloak (worn)
Jewellery
 n - a +4 amulet of reflection (around neck)
 q - a +6 ring of strength (right hand)
 r - an uncursed ring of positive energy
 z - an uncursed ring of protection from cold
 K - a +6 ring of evasion (left hand)
Wands
 f - a wand of random effects (27/48)
 g - a wand of iceblast (5/15)
 k - a wand of random effects (26/48)
 J - a wand of confusion (28/48)
Scrolls
 d - 2 scrolls of fear
 i - a scroll of magic mapping {unknown}
 j - 2 scrolls of recharging {unknown}
 m - 5 scrolls of teleportation
 s - 4 scrolls of remove curse
 t - 3 scrolls of immolation {unknown}
 y - a scroll of silence {unknown}
 A - 2 scrolls of enchant armour
 E - 3 scrolls of blinking
 H - 2 scrolls of vulnerability {unknown}
 M - 2 scrolls of fog {unknown}
 P - a scroll of summoning {unknown}
Potions
 e - a potion of agility
 o - 4 potions of curing
 p - 2 potions of might
 u - a potion of brilliance {unknown}
 w - 2 potions of berserk rage
 D - a potion of ambrosia {unknown}
 F - 2 potions of cancellation
 O - a potion of invisibility {unknown}
Miscellaneous
 N - a phantom mirror
Comestibles
 c - 13 bread rations
 h - 9 meat rations
 v - 2 slices of pizza
 x - 6 beef jerkies
 G - 12 royal jellies


   Skills:
 + Level 13.4(7.9) Fighting
 + Level 17.5(11.5) Axes
 - Level 10.0(4.9) Armour
 - Level 10.3(5.3) Dodging


You had 12 spell levels left.
You didn't know any spells.

Dungeon Overview and Level Annotations

Branches:
Dungeon (10/15)            Temple (0/1) D:7            Lair (4/6) D:9
  Swamp (0/4) Lair:2        Snake (0/4) Lair:3          Orc (0/2) D:9

Altars:
Ashenzari
Dithmenos
Gozag
Zin
The Shining One

Shops:
D:4 [   D:5 *   D:6 [   D:7 [   D:9 *

Annotations:
Lair:3 Rupert


Innate Abilities, Weirdness & Mutations

You reflexively headbutt those who attack you in melee.
You have a pair of horns on your head.
You are agile. (Dex +2)
Your mind is acute. (Int +2)
Your flesh is cold resistant. (rC+)
You regenerate slowly when monsters are visible.
You expend magic power (3 MP) to strengthen your wands.


Message History

* * * LOW HITPOINT WARNING * * *
You feel drained.
* * * LOW HITPOINT WARNING * * *
You climb upwards.
There is a stone staircase leading down here.
You feel much better.
Rupert hits you with a great mace of draining!!
* * * LOW HITPOINT WARNING * * *
You feel drained.
* * * LOW HITPOINT WARNING * * *
You feel much better.
Rupert hits you with a great mace of draining!!
* * * LOW HITPOINT WARNING * * *
You feel drained.
* * * LOW HITPOINT WARNING * * *
You feel much better.
Rupert hits you with a great mace of draining!!
* * * LOW HITPOINT WARNING * * *
You feel drained.
You die...

#...#### #....#.##....#.###..#
#....## ##....#.......### ##.##
......# #.............# #.P#
#....## #.............### ##..#
#....# #P.......#......# #..##
....#####........P.....####..#
.≈..PPP##.......P........)...#
.....P..........PP.#+.###+#..#
###...........#@@............#
###...........#....#.........##
.........P#......P.#.P.#.#.#..##
≈...#.....))..###P.#..####.P.#.#
....#..###[[.###......# #....###
.......#.......#......####....#
......##.......#...#.###.#.#.##
...................#.####..#.#
..##.......>..........####...###


You could see Rupert (berserk).

Vanquished Creatures
  Josephine (Lair:4)
  Harold (Lair:4)
  2 hydras
  A two-headed ogre (D:8)
  6 death yaks
  Joseph (D:8)
  A black mamba (Lair:4)
  9 spiny frogs
  A kobold demonologist (D:9)
  A komodo dragon (Lair:1)
  2 rime drakes
  A queen bee (D:8)
  9 hippogriffs
  3 wraiths (Lair:4)
  2 wyverns (Lair:3)
  29 yaks
  A hungry ghost (D:7)
  5 basilisks
  3 vampire mosquitoes (D:10)
  4 nagas (Lair:3)
  Duvessa (D:6)
  3 insubstantial wisps (Lair:2)
  7 water moccasins
  3 porcupines (Lair:2)
  7 sky beasts
  A necrophage (D:6)
  2 orc warriors
  7 ice beasts
  3 ogres
  2 phantoms
  11 wolves
  2 centaurs
  8 crocodiles
  11 big kobolds
  11 bullfrogs
  Dowan (D:6)
  A scorpion (D:5)
  36 killer bees
  3 howler monkeys
  3 crimson imps
  A bullfrog zombie (D:10)
  3 jellies
  4 bullfrog skeletons
  6 orc priests
  Crazy Yiuf (D:3)
  A centaur skeleton (D:9)
  4 hounds
  11 orc wizards
  An iguana (D:8)
  Natasha (thrice) (D:3)
  6 hell rats
  6 worker ants
  2 hound zombies
  A howler monkey zombie (D:4)
  A worker ant zombie (D:10)
  3 gnolls (D:3)
  6 adders
  2 river rats (Lair:1)
  2 oozes
  2 adder zombies
  An adder skeleton (D:9)
  3 leopard geckos
  34 orcs
  10 bats
  5 giant cockroaches
  7 goblins
  8 hobgoblins
  7 jackals
  28 kobolds
  3 quokkas
  3 ball pythons
  5 frilled lizards
  A jackal zombie (D:5)
  14 rats
  2 fungi
403 creatures vanquished.

Vanquished Creatures (collateral kills)
  A queen bee (Lair:3)
  2 yaks (Lair:4)
  8 killer bees (Lair:3)
11 creatures vanquished.

Vanquished Creatures (others)
  A kobold (D:9)
  2 fungi (Lair:2)
  2 plants (Lair:3)
5 creatures vanquished.

Grand Total: 419 creatures vanquished

Notes
Turn   | Place    | Note
-------+----------+-------------------------------------------
     0 | D:1      | shinino the Minotaur Berserker began the quest for the Orb.
     0 | D:1      | Reached XP level 1. HP: 19/19 MP: 0/0
   233 | D:1      | Reached skill level 4 in Axes
   278 | D:1      | Reached XP level 2. HP: 18/26 MP: 1/1
   649 | D:1      | Reached skill level 5 in Axes
   724 | D:1      | Reached XP level 3. HP: 22/31 MP: 2/2
  1310 | D:2      | Reached ** piety under Trog
  2020 | D:3      | Reached XP level 4. HP: 38/39 MP: 3/3
  2073 | D:3      | Reached skill level 6 in Axes
  2421 | D:3      | Reached skill level 7 in Axes
  2421 | D:3      | Reached XP level 5. HP: 10/45 MP: 4/4
  2638 | D:3      | Noticed Natasha
  2648 | D:3      | Killed Natasha
  2689 | D:3      | Reached skill level 8 in Axes
  2845 | D:3      | Noticed Natasha
  2855 | D:3      | Killed Natasha
  2855 | D:3      | Reached XP level 6. HP: 14/51 MP: 5/5
  3242 | D:3      | Found a runed door.
  3276 | D:3      | Noticed Natasha
  3287 | D:3      | Killed Natasha
  3621 | D:3      | Noticed Crazy Yiuf
  3624 | D:3      | Killed Crazy Yiuf
  3787 | D:4      | Found Voreupha's Armour Shoppe.
  4019 | D:4      | Reached XP level 7. HP: 53/60 MP: 6/6
  4093 | D:4      | Reached *** piety under Trog
  4241 | D:4      | Reached skill level 9 in Axes
  4253 | D:4      | Reached skill level 5 in Fighting
  4632 | D:5      | Entered Level 5 of the Dungeon
  4648 | D:5      | Found an opulent altar of Gozag.
  4705 | D:5      | Found Gozag's Platinum Reserve.
  4964 | D:5      | Reached skill level 5 in Armour
  4968 | D:5      | Reached XP level 8. HP: 62/70 MP: 7/7
  5800 | D:6      | Found Kitimeg's Antique Armour Shoppe.
  5809 | D:6      | Got a warped falchion
  5879 | D:6      | Reached skill level 10 in Axes
  5900 | D:6      | Noticed Duvessa
  5902 | D:6      | Noticed Dowan
  5910 | D:6      | Killed Duvessa
  5915 | D:6      | Killed Dowan
  6336 | D:6      | Reached **** piety under Trog
  6539 | D:7      | Reached XP level 9. HP: 73/80 MP: 8/8
  6554 | D:7      | Found Metam's Armour Shoppe.
  6646 | D:7      | Gained mutation: Your mind is acute. (Int +2) [mutagenic meat]
  6647 | D:7      | Gained mutation: You expend magic power (3 MP) to strengthen your wands. [mutagenic meat]
  6648 | D:7      | Gained mutation: You are agile. (Dex +2) [mutagenic meat]
  6655 | D:7      | Found a shattered altar of Ashenzari.
  6659 | D:7      | Found a glowing golden altar of the Shining One.
  6661 | D:7      | Found a shadowy altar of Dithmenos.
  6711 | D:7      | Identified the +0 falchion of Annoyance {slice, rF+} (You found it on level 6 of the Dungeon)
  6840 | D:7      | Reached skill level 11 in Axes
  6970 | D:7      | Found a staircase to the Ecumenical Temple.
  7235 | D:8      | Noticed Joseph
  7251 | D:8      | Killed Joseph
  7280 | D:8      | Noticed a two-headed ogre
  7285 | D:8      | Killed a two-headed ogre
  7285 | D:8      | Reached XP level 10. HP: 55/92 MP: 9/9
  7531 | D:8      | Reached skill level 12 in Axes
  7541 | D:8      | Gained mutation: Your flesh is cold resistant. (rC+) [mutagenic meat]
  7619 | D:8      | Reached skill level 10 in Fighting
  7675 | D:8      | Gained mutation: You regenerate slowly when monsters are visible. [mutagenic meat]
  7708 | D:8      | Reached skill level 10 in Armour
  7777 | D:8      | Reached ***** piety under Trog
  8330 | D:9      | Found a staircase to the Orcish Mines.
  8436 | D:9      | Reached skill level 5 in Dodging
  8476 | D:9      | Reached skill level 13 in Axes
  8638 | D:9      | Found Zin's Purification Station.
  8641 | D:9      | Found a glowing silver altar of Zin.
  8711 | D:9      | Found a staircase to the Lair.
  8732 | D:9      | Reached XP level 11. HP: 100/100 MP: 10/10
  9088 | D:10     | Entered Level 10 of the Dungeon
  9185 | D:10     | Received a gift from Trog
  9586 | Lair:1   | Entered Level 1 of the Lair of Beasts
  9593 | Lair:1   | Reached skill level 14 in Axes
 10556 | Lair:2   | Noticed a seven-headed hydra
 10565 | Lair:2   | Killed a seven-headed hydra
 10565 | Lair:2   | Reached skill level 15 in Axes
 10877 | Lair:2   | Found a staircase to the Swamp.
 10884 | Lair:2   | Reached skill level 10 in Dodging
 11345 | Lair:2   | Reached XP level 12. HP: 94/106 MP: 11/11
 11628 | Lair:3   | Received a gift from Trog
 11804 | Lair:3   | Reached skill level 16 in Axes
 12029 | Lair:3   | Noticed a death yak
 12031 | Lair:3   | Noticed a death yak
 12031 | Lair:3   | Noticed a death yak
 12031 | Lair:3   | Noticed a death yak
 12032 | Lair:3   | Noticed a death yak
 12032 | Lair:3   | Noticed a death yak
 12061 | Lair:2   | Killed a death yak
 12064 | Lair:2   | HP: 5/110 [death yak (21)]
 12070 | Lair:2   | Killed a death yak
 12396 | Lair:3   | Killed a death yak
 12397 | Lair:3   | Killed a death yak
 12398 | Lair:3   | Killed a death yak
 12406 | Lair:3   | Killed a death yak
 12496 | Lair:3   | Reached skill level 17 in Axes
 12660 | Lair:3   | Found a staircase to the Snake Pit.
 13050 | Lair:4   | Noticed Josephine
 13054 | Lair:4   | Noticed a six-headed hydra
 13061 | Lair:4   | Killed Josephine
 13061 | Lair:4   | Reached XP level 13. HP: 119/119 MP: 12/12
 13483 | Lair:4   | Noticed Harold
 13509 | Lair:4   | Killed Harold
 13748 | Lair:4   | Noticed Rupert
 13876 | Lair:4   | HP: 3/122 [Rupert/great mace of draining (7)]
 13880 | Lair:3   | Slain by Rupert

Vault maps used:
D:1:      sevenhm_arrival_forest_fort_large_2
D:2:      first_bread, due_unseen_surprise
D:3:      uniq_natasha, uniq_crazy_yiuf_cottage
D:4:      serial_shops, shop
D:5:      nicolae_gozag_zags_fifth_avenue, roderic_serpentine_path,
          lemuel_flame_loot_1
D:6:      serial_shops, nicolae_shop_competitors_out_of_business, uniq_duvessa
D:7:      grunt_temple_overflow_open, serial_shops, shop
D:8:      david_nohive_1, uniq_joseph
D:9:      zin_purify, lair_entry_dummy, orc_0_dummy, special_room
Lair:1:   kennysheep_abandoned_house
Lair:2:   minmay_swamp_entry_wisps, grunt_megastairs_2
Lair:3:   regret_index_tunnel_blossom, minmay_snake_entry_guardpost_small
Lair:4:   uniq_harold, uniq_josephine, uniq_rupert

Skill      XL: |  1  2  3  4  5  6  7  8  9 10 11 12 13 |
---------------+----------------------------------------+-----
Axes           | 4 5 7 8 9 10 11 13 15 17 | 17.5
Armour         | 4 5 7 9 10 | 10.0
Fighting       | 4 5 7 9 10 12 13 | 13.4
Dodging        | 6 10 | 10.3

Action                   |  1- 3 |  4- 6 |  7- 9 | 10-12 | 13-15 || total
-------------------------+-------+-------+-------+-------+-------++-------
Melee: Hand axe          |    85 |   113 |   187 |       |       ||   385
       Headbutt          |    14 |    21 |    60 |   130 |    13 ||   238
       Battleaxe         |       |       |    23 |   467 |    37 ||   527
       Trident           |       |       |       |     6 |     7 ||    13
Invok: Trog's Hand       |       |     4 |     1 |    11 |     1 ||    17
       Berserk           |       |     1 |       |     5 |       ||     6
       Burn Spellbooks   |       |       |       |     1 |       ||     1
       Brothers in Arms  |       |       |       |     1 |     1 ||     2
  Use: Scroll            |       |       |    10 |     4 |       ||    14
       Potion            |       |       |       |     3 |     3 ||     6
  Eat: Chunk             |     3 |     9 |    16 |    27 |     1 ||    56
       Fruit             |       |       |       |     2 |     2 ||     4
       Pizza             |       |       |       |       |     2 ||     2
Armor: Animal skin       |    13 |     8 |       |       |       ||    21
       Chain mail        |       |     2 |    36 |       |       ||    38
       Plate armour      |       |       |    14 |   226 |    15 ||   255
Dodge: Dodged            |    81 |    67 |    99 |   449 |    46 ||   742
Block: Other             |       |    18 |    26 |    93 |    10 ||   147
       Reflection        |       |       |     2 |     4 |     2 ||     8
